 Dungeon Crawl Stone Soup version 0.29.1-4-g47bece8355 (webtiles) character file.

Game seed: 17334246299297714760

49 croobank the Conjurer (level 3, 0/24 HPs)
             Began as a Demonspawn Conjurer on Dec 10, 2022.
             Slain by an iguana (10 damage)
             ... on level 2 of the Dungeon.
             The game lasted 00:04:02 (1681 turns).

croobank the Conjurer (Demonspawn Conjurer)         Turns: 1681, Time: 00:04:02

Health: 0/24       AC:  2    Str:  7    XL:     3   Next: 53%
Magic:  2/6        EV: 12    Int: 21    God:
Gold:   41         SH:  4    Dex: 11    Spells: 4/7 levels left

rFire   . . .      SeeInvis .   c - +0 dagger (protect)
rCold   . . .      Faith    .   (no shield)
rNeg    . . .      Spirit   .   a - +0 robe
rPois   .          Reflect  .   (no helmet)
rElec   .          Harm     .   (no cloak)
rCorr   .          Rampage  .   (no gloves)
Will    .....                   (no boots)
Stlth   ++........              (no amulet)
HPRegen 0.08/turn               (no ring)
MPRegen 0.10/turn               (no ring)

@: no status effects
A: large bone plates 1, weakness stinger 1
a: no special abilities


You were on level 2 of the Dungeon.
You visited 1 branch of the dungeon, and saw 2 of its levels.

You collected 41 gold pieces.

Inventory:

Hand Weapons
 c - a +0 dagger of protection (weapon)
Armour
 a - a +0 robe (worn)
 h - a +0 leather armour
Jewellery
 f - an amulet of guardian spirit
Scrolls
 d - a scroll of enchant weapon {unknown}
 j - a scroll of torment {unknown}
 k - a scroll of amnesia {unknown}
 n - a scroll of teleportation {unknown}
Potions
 b - a potion of magic
 e - 2 potions of attraction {unknown}
 g - 3 potions of heal wounds {unknown}
 i - 2 potions of might {unknown}
 l - 3 potions of lignification {unknown}
 m - a potion of ambrosia {unknown}


   Skills:
 + Level 2.3 Dodging
 + Level 2.4 Stealth
 + Level 2.5 Spellcasting
 + Level 4.3 Conjurations


You had 4 spell levels left.
You knew the following spells:

 Your Spells              Type           Power      Damage    Failure   Level
a - Magic Dart            Conj           80%        1d7       2%          1
b - Searing Ray           Conj           40%        2d5       3%          2

Your spell library contained the following spells:

 Spells                   Type           Power      Damage    Failure   Level
 Dazzling Flash           Conj/Hex       22%        N/A       17%         3
 Fulminant Prism          Conj/Hex       5%         3d7       50%         4
 Iskenderun's Mystic Bla  Conj/Tloc      11%        2d4       50%         4


Dungeon Overview and Level Annotations

Branches:
Dungeon (2/15)

Altars:

Shops:
D:1 [


Innate Abilities, Weirdness & Mutations

You are partially covered in large bone plates. (SH +4)
You have a small tail.


Message History

The iguana bites you.
You hit the iguana but do no damage.
Your tail-slap misses the iguana.
The iguana is heavily wounded.
The iguana bites you but does no damage.
Casting: Searing Ray (safe; 3% risk of failure)
Confirm with . or Enter, or press ? or * to list all spells.
Aiming: Magic Dart (safe; 2% risk of failure)
Press: ? - help, Shift-Dir - straight line, f/p - iguana
Aim: an iguana (heavily wounded, 100% to hit)
The magic dart hits the iguana but does no damage.
The iguana is heavily wounded.
The iguana hisses menacingly.
The iguana misses you.
You hit the iguana but do no damage.
Your tail-slap misses the iguana.
The iguana is heavily wounded.
The iguana misses you.
You hit the iguana but do no damage.
You tail-slap the iguana, but do no damage.
The iguana is heavily wounded.
The iguana closely misses you.
You barely miss the iguana.
The iguana is heavily wounded.
The iguana bites you! Magic courses through your body.
You block the iguana's attack.
Casting: Magic Dart (safe; 2% risk of failure)
Confirm with . or Enter, or press ? or * to list all spells.
Aiming: Searing Ray (safe; 3% risk of failure)
Press: ? - help, Shift-Dir - straight line, f/p - iguana
Aim: an iguana (heavily wounded, 81% to hit)
The searing ray hits the iguana but does no damage.
The iguana is heavily wounded. (Press . to maintain the ray.)
The iguana bites you but does no damage.
The searing ray hits the iguana.
The iguana is severely wounded.
The iguana misses you.
The searing ray hits the iguana.
The iguana is severely wounded.
The iguana bites you!
You die...

..........#.##.#####...###.##
...###.#..........##........#
#...........#..........###..#
##.......................†..####
...............................#
##.###....#....##.#.........##.#
##.###.........................#
.....#......#.................##
..).............@.............#
####.#.#........†l............#
.....#....#.............#..##
###..../...#.............#..#
#...#....#.............#
#............. #............
............


You could see an iguana.

Vanquished Creatures
  2 adders
  2 dart slugs
  4 endoplasms
  A giant cockroach (D:2)
  3 goblins (D:1)
  A hobgoblin (D:2)
  3 jackals (D:1)
  A quokka (D:1)
  A ball python (D:1)
  A bat (D:2)
  3 frilled lizards
  3 kobolds
  3 rats
28 creatures vanquished.

Vanquished Creatures (others)
  2 fungi (D:2)
  A plant (D:2)
3 creatures vanquished.

Grand Total: 31 creatures vanquished

Notes
Turn   | Place    | Note
-------+----------+-------------------------------------------
     0 | D:1      | croobank the Demonspawn Conjurer began the quest for the
                  | Orb.
     0 | D:1      | Reached XP level 1. HP: 13/13 MP: 3/3
     6 | D:1      | You fall into a shaft and drop 1 floor!
   277 | D:1      | Gained mutation: You have a small tail. [demonic ancestry]
   277 | D:1      | Reached XP level 2. HP: 19/19 MP: 0/5
   382 | D:1      | Found Rughes's Armour Boutique.
   711 | D:1      | Learned a level 2 spell: Searing Ray
  1171 | D:1      | Gained mutation: You are partially covered in large bone
                  | plates. (SH +4) [demonic ancestry]
  1171 | D:1      | Reached XP level 3. HP: 13/24 MP: 0/6
  1681 | D:2      | Slain by an iguana

Illustrated notes

Levels and vault maps discovered:
D:1:      roderic_chinese_lattice_arrival, layout_basic, serial_shops, shop
D:2:      layout_basic, dreamdust_ecumenical_altar_hidden_monk_grotto

Skill      XL: |  1 |
---------------+----+-----
Stealth        | 2 |  2.4
Dodging        | 2 |  2.3
Spellcasting   | |  2.5
Conjurations   | |  4.3

Action                   || total
-------------------------++-------
Melee: Dagger            ||    12
       Tailslap          ||     2
 Cast: Magic Dart        ||    45
       Searing Ray       ||    10
  Use: Potion            ||     1
Armor: Robe              ||    11
Dodge: Dodged            ||    24
Block: Other             ||     1
